 Dungeon Crawl Stone Soup version 0.28-a0-664-gc179e30c89 (webtiles) character file.

Game seed: 6925081531878939994

158 abrahamlauer the Chiller (level 5, -2/24 HPs)
             Began as a Vine Stalker Ice Elementalist on Oct 16, 2021.
             Succumbed to an orange demon's poison
             ... in an ossuary.
             The game lasted 00:41:59 (5555 turns).

abrahamlauer the Chiller (VSIE)                     Turns: 5555, Time: 00:42:00

Health: -2/24      AC:  2    Str: 10    XL:     5   Next: 39%
Magic:  0/11       EV: 12    Int: 16    God:
Gold:   114        SH:  0    Dex: 15    Spells: 7/11 levels left

rFire   . . .      SeeInvis .   (no weapon)
rCold   . . .      Faith    .   (no shield)
rNeg    . . .      Spirit   +   j - +0 robe
rPois   .          Reflect  .   (no helmet)
rElec   .          Harm     .   (no cloak)
rCorr   .          Rampage  .   (no gloves)
Will    .....                   (no boots)
Stlth   ++........              (no amulet)
HPRegen 1.08/turn               (no ring)
MPRegen 0.12/turn               (no ring)

@: lethally poisoned (-2 -> -10)
A: fangs 2, regeneration 1, magic shield, antimagic bite, no potion heal 2
a: no special abilities


You were in an ossuary.
You visited 1 branch of the dungeon, and saw 5 of its levels.
You also visited: Ossuary.

You collected 114 gold pieces.

Inventory:

Armour
 j - a +0 robe (worn)
Jewellery
 b - a ring of fire
Scrolls
 e - a scroll of immolation {unknown}
 f - a scroll of torment {unknown}
 h - 3 scrolls of identify {unknown}
Potions
 a - a potion of attraction {unknown}
 c - a potion of heal wounds
 d - 2 potions of berserk rage {unknown}
 g - a potion of brilliance {unknown}
 i - a potion of cancellation {unknown}


   Skills:
 + Level 0.2 Fighting
 + Level 2.0 Dodging
 + Level 3.6 Stealth
 + Level 3.8 Spellcasting
 + Level 4.9 Ice Magic


You had 7 spell levels left.
You knew the following spells:

 Your Spells              Type           Power      Damage    Failure   Level
a - Freeze                Ice            72%        1d9       2%          1
b - Frozen Ramparts       Ice            36%        1d5       7%          3

Your spell library contained the following spells:

 Spells                   Type           Power      Damage    Failure   Level
 Ozocubu's Armour         Ice            18%        N/A       7%          3
 Hailstorm                Conj/Ice       10%        3d5       52%         4


Dungeon Overview and Level Annotations

Branches:
Dungeon (6/15)            Ossuary (1/1)
 Temple: D:4-7

Altars:
Makhleb


Innate Abilities, Weirdness & Mutations

You have extremely sharp teeth.
Your natural rate of healing is unusually fast.
When hurt, damage is shared between your health and your magic reserves.
Your bite disrupts and absorbs the magic of your enemies.
Potions cannot restore your health.


Message History

Makhleb sends a minion to punish you.
An orange demon comes into view.
Casting: Freeze (safe; 2% risk of failure)
Confirm with . or Enter, or press ? or * to list all spells.
Aiming: Freeze (safe; 2% risk of failure)
Press: ? - help, Shift-Dir - straight line, f - orange demon
Aim: an orange demon (durably summoned)
You freeze the orange demon.
The orange demon is lightly wounded.
You hit the orange demon but do no damage.
You bite the orange demon. You drain its power.
You feel invigorated.
The orange demon is moderately wounded.
The orange demon stings you! The orange demon barely misses you.
You hit the orange demon but do no damage.
You bite the orange demon. You drain its power.
You feel invigorated.
The orange demon is moderately wounded.
The orange demon stings you! The orange demon closely misses you.
Casting: Freeze (safe; 2% risk of failure)
Confirm with . or Enter, or press ? or * to list all spells.
Aiming: Freeze (safe; 2% risk of failure)
Press: ? - help, Shift-Dir - straight line, f/p - orange demon
Aim: an orange demon (moderately wounded, durably summoned)
You freeze the orange demon!
The orange demon is heavily wounded.
The orange demon stings you!
* * * LOW HITPOINT WARNING * * *
The orange demon hits you but does no damage.
Casting: Freeze (safe; 2% risk of failure)
Confirm with . or Enter, or press ? or * to list all spells.
Aiming: Freeze (safe; 2% risk of failure)
Press: ? - help, Shift-Dir - straight line, f/p - orange demon
Aim: an orange demon (heavily wounded, durably summoned)
You freeze the orange demon.
The orange demon is heavily wounded.
The orange demon stings you!
* * * LOW HITPOINT WARNING * * *
You are lethally poisoned!
The orange demon poisons you! The orange demon barely misses you.
It was a potion of heal wounds.
That seemed strangely inert.
You die...

#...# #.. #...#
##.. #...# ...
#...# #.. #...#
#.. #...# #^^
#...#
#####..######...#
...........@....#
....8..8..4.....#
................#
................#
#################


You could see an orange demon.

Vanquished Creatures
  3 orc wizards
  2 adders
  A dart slug (D:2)
  5 orcs
  6 endoplasms
  A giant cockroach (D:2)
  3 goblins
  4 hobgoblins
  5 jackals
  3 ball pythons (D:2)
  5 bats
  6 frilled lizards
  4 hobgoblin zombies (Ossuary)
  2 kobolds (D:1)
  6 kobold zombies (Ossuary)
  2 orc zombies (Ossuary)
  8 rats
66 creatures vanquished.

Notes
Turn   | Place    | Note
-------+----------+-------------------------------------------
     0 | D:1      | abrahamlauer the Vine Stalker Ice Elementalist began the
                  | quest for the Orb.
     0 | D:1      | Reached XP level 1. HP: 9/9 MP: 4/4
   605 | D:1      | Reached XP level 2. HP: 11/13 MP: 3/6
   735 | D:1      | Found a faded altar of an unknown god.
   740 | D:1      | Prayed at the altar of an unknown god.
   740 | D:1      | Became a worshipper of Makhleb the Destroyer
   740 | D:1      | Reached * piety under Makhleb
  2262 | D:2      | Reached XP level 3. HP: 16/16 MP: 8/8
  2403 | D:2      | Learned a level 3 spell: Frozen Ramparts
  2564 | D:2      | Fell from the grace of Makhleb
  4167 | D:3      | Gained mutation: Your natural rate of healing is unusually
                  | fast. [Vine Stalker growth]
  4167 | D:3      | Reached XP level 4. HP: 16/21 MP: 2/9
  4496 | D:3      | You fall into a shaft and drop 3 floors!
  4551 | D:6      | Reached XP level 5. HP: 24/24 MP: 5/11
  4690 | D:5      | Entered Level 5 of the Dungeon
  4867 | D:5      | Found a sand-covered staircase.
  4875 | Ossuary  | Entered an ossuary
  5550 | Ossuary  | Noticed an orange demon
  5554 | Ossuary  | HP: 1/24 [orange demon[the fury of Makhleb] (5)]
  5555 | Ossuary  | Succumbed to an orange demon's poison

Illustrated notes

Levels and vault maps discovered:
D:1:      lightli_arrival_statuegarden, layout_loops_corners,
          shapermc_ecumenical_altar_petra
D:2:      layout_basic, minmay_misc_feat_cross, interstate_on_off,
          minmay_misc_feat_diagonals, minmay_vboxes
D:3:      layout_basic, elyvilon_altar_4, nicolae_overflow_hidden_temple,
          minmay_surrounded
D:5:      layout_loops_ring, mainiacjoe_overflow_boulevard,
          chequers_ossuary_entry_cave, chequers_arboretum
D:6:      layout_basic, minmay_temple_entry_mini_moons,
          hangedman_abyss_or_decor_lesser_grid
Ossuary:  ossuary_tomb_1

Skill      XL: |  1  2  3  4 |
---------------+-------------+-----
Stealth        | 3 |  3.6
Spellcasting   | 3 |  3.8
Dodging        | 2 |  2.0
Fighting       | |  0.2
Ice Magic      | |  4.9

Action                   |  1- 3 |  4- 6 || total
-------------------------+-------+-------++-------
Melee: Unarmed           |    29 |    43 ||    72
       Bite              |     9 |    11 ||    20
 Cast: Freeze            |    53 |    54 ||   107
       Frozen Ramparts   |     6 |     8 ||    14
Invok: Renounce Religion |     1 |       ||     1
  Use: Potion            |       |     1 ||     1
Armor: Robe              |    14 |    24 ||    38
Dodge: Dodged            |    41 |    68 ||   109

Table legend: (Time is in decaauts)
 A = Elapsed time spent in this place.
 B = Non-inter-level travel time spent in this place.
 C = Inter-level travel time spent in this place.
 D = Time resting spent in this place.
 E = Time spent auto-exploring this place.
 F = Levels seen in this place.
 G = Mean time per level.
                   A        B        C        D        E       F      G
               +--------+--------+--------+--------+--------+-----+--------+
         Total |   5553 |   5549 |      4 |   2145 |   2339 |   6 |  925.5 |
       Dungeon |   4873 |   4869 |      4 |   1608 |   2339 |   5 |  974.6 |
       Ossuary |    679 |    679 |      0 |    537 |      0 |   1 |  679.0 |
               +--------+--------+--------+--------+--------+-----+--------+

Top non-repeatable levels by time:
     D:2: 2406 daAuts
     D:1: 1744 daAuts
 Ossuary: 679 daAuts
     D:3: 345 daAuts
     D:6: 193 daAuts
     D:5: 184 daAuts
